 Dungeon Crawl Stone Soup version 0.20.0-4-g10b340a (webtiles) character file.

161527 DwarfAlpaca the Stormcaller (level 17, -14/93 HPs)
             Began as a Deep Elf Air Elementalist on May 27, 2017.
             Was a High Priest of Sif Muna.
             Killed from afar by a wizard (26 damage)
             ... with a bolt of cold
             ... on level 2 of the Abyss on May 28, 2017.
             The game lasted 03:46:27 (54339 turns).

DwarfAlpaca the Stormcaller (DEAE)                 Turns: 54339, Time: 03:46:27

Health: -14/93     AC: 18    Str:  2 (4)  XL:     17   Next: 20%
Magic:  0/31       EV: 12    Int: 32      God:    Sif Muna [*****.]
Gold:   2222       SH:  0    Dex: 10 (13) Spells: 4/48 levels left

rFire    . . .     SeeInvis .   a - staff of air
rCold    . . .     Gourm    .   (no shield)
rNeg     . . .     Faith    .   E - +2 steam dragon scales
rPois    .         Spirit   +   f - +2 helmet
rElec    +         Reflect  .   g - +0 cloak
rCorr    .         Harm     .   r - +0 pair of gloves {Str+3}
MR       +....     Rnd*Rage +   (no boots) Stlth ++........Rnd*Tele +
                                y - amulet of guardian spirit
Regen    0.3/turn               N - +6 ring of intelligence
MPRegen  0.3/turn               s - +6 ring of protection

@: very slightly contaminated, divine energy
A: [berserk 2], [blurry vision 1], [clumsy 1], [deterioration 2], [dopey 1],
[frail 1], [low mp 2], [teleportitis 2], [weak 2], evolution 1, [subdued magic
3]
a: Stop Divine Energy, Channel Magic, Forget Spell, Renounce Religion


You were on level 2 of the Abyss.
You worshipped Sif Muna.
Sif Muna was extremely pleased with you.
You were hungry.

You visited 7 branches of the dungeon, and saw 27 of its levels.
You visited the Abyss 1 time.
You also visited: Volcano.

You collected 2705 gold pieces.
You spent 483 gold pieces at shops.

Inventory:

Hand Weapons
 k - the +8 executioner's axe of the Boiling Point {drain, Str+4 Stlth+}
   (You found it on level 6 of the Lair of Beasts)

   A truly terrible weapon, it drains the life of those it strikes.
   It affects your strength (+4).
   It makes you more stealthy.
Missiles
 C - 2 throwing nets (quivered)
Armour
 f - a +2 helmet (worn)
 g - a +0 cloak (worn)
 r - a +0 pair of gloves of strength (worn)
 E - +2 steam dragon scales (worn)
 O - a scarf of cloud immunity
Magical Staves
 a - an uncursed staff of air (weapon)
Jewellery
 s - a +6 ring of protection (right hand)
 y - an amulet of guardian spirit (around neck)
 N - a +6 ring of intelligence (left hand)
Wands
 h - a wand of disintegration (7/24)
 l - a wand of flame (48/48)
 B - a wand of scattershot (1/9)
 G - a wand of lightning (8/15)
 J - a wand of polymorph (8/24)
 M - a wand of iceblast (4/15)
 Q - a wand of confusion (30/48)
Scrolls
 b - a scroll of fog
 i - 4 scrolls of recharging
 q - 16 scrolls of remove curse
 w - 6 scrolls of teleportation
 A - 2 scrolls of fear
Potions
 d - 2 potions of curing
 e - a potion of invisibility
 j - 2 potions of resistance
 m - 4 potions of berserk rage
 n - 3 potions of lignification
 o - 2 potions of flight
 v - a potion of might
 z - a potion of magic
 D - 4 potions of agility
 H - a potion of cancellation
 I - a potion of brilliance
 K - 2 potions of mutation
 L - a potion of haste
Comestibles
 c - 25 bread rations
 p - 24 fruits
 u - 5 royal jellies
 x - 6 meat rations


   Skills:
 + Level 10.8 Fighting
 - Level 2.6 Dodging
 - Level 2.5 Stealth
 + Level 16.1 Spellcasting
 + Level 13.4 Conjurations
 * Level 17.0 Air Magic
 + Level 13.4 Invocations
 + Level 9.7 Evocations


You had 4 spell levels left.
You knew the following spells:

 Your Spells              Type           Power        Failure   Level  Hunger
a - Shock                 Conj/Air       ####         0%          1    None
b - Swiftness             Chrm/Air       ######..     0%          2    None
c - Airstrike             Air            #######...   0%          4    None
d - Lightning Bolt        Conj/Air       #######...   0%          5    None
e - Orb of Destruction    Conj           ######....   2%          7    ####...
f - Conjure Flame         Conj/Fire      #####...     1%          3    None
g - Blink                 Tloc           N/A          1%          2    None
h - Summon Butterflies    Summ           ##......     1%          1    None
i - Fireball              Conj/Fire      #####.....   1%          5    None
j - Conjure Ball Lightni  Conj/Air       #######...   1%          6    ##.....
k - Chain Lightning       Conj/Air       #######...   12%         8    ######.


Dungeon Overview and Level Annotations

Branches:
Dungeon (15/15)            Temple (1/1) D:4            Lair (6/6) D:11
 Shoals (1/4) Lair:4        Snake (1/4) Lair:4        Slime (0/5) Lair:5
    Orc (2/2) D:10            Elf (1/3) Orc:2        Vaults (0/5) D:13
 Depths (0/5) D:15

Altars:
Dithmenos
Elyvilon
Kikubaaqudgha
Makhleb
Nemelex Xobeh
Okawaru
Qazlal
Ru
Sif Muna
Trog
Uskayaw
Vehumet
Xom
Yredelemnul
Zin
The Shining One
Jiyva

Shops:
D:4 [   D:5 !(}   Orc:2 ?}(?*

Portals:
Pandemonium: Orc:2

Annotations:
Snake:1 Ambush!


Innate Abilities, Weirdness & Mutations

You evolve.
[You often lose your temper in combat.]
[Scrolls take you a little longer to read.]
[You are clumsy. (Dex -2)]
[Your body often deteriorates upon taking damage.]
[You are dopey. (Int -2)]
[You are frail. (-10% HP)]
[Your magical capacity is very low. (-20% MP)]
[You are sometimes teleported next to monsters.]
[You are very weak. (Str -4)]
[Your spells are much easier to cast, but much less powerful.]


Message History

You feel clever.
Your life force feels restored.
The apocalypse crab breathes chaos at you.
You flicker for a moment.
You regain access to your magic.
You are lightly contaminated with residual magic.
You flicker back into view.
A tormentor comes into view.
Found a gateway leading deeper into the Abyss.
A tentacled starspawn comes into view.
Your extra speed is starting to run out.
The tormentor gestures at you. Pain shoots through your body!
* * * LOW HITPOINT WARNING * * *
You feel yourself slow down.
A wizard comes into view. It is wielding a dagger.
The wizard shouts!
The wizard points at you and mumbles some strange words.
The bolt of cold hits you!
You die...

.. ## ..X #
#.. ... .#..#
#.# ....# #..
#.#.##.###.#
##.#...p..#
####.#.@#
##.#.....# ##
#....#.###
#.##.##..#.#
#......2#.##
####..#>.#...#
.. #
.#...#.#.#
#...
...###.#.#
..#....#....#
.


You could see a large abomination, a wizard and a tormentor.

Vanquished Creatures
  A tentacled monstrosity (Abyss:2)
  Frances (D:14)
  A tentacled starspawn (Abyss:2)
  A frost giant (D:15)
  Louise (Shoals:1)
  An orc warlord (Orc:1)
  A war gargoyle (D:13)
  Nessos (D:13)
  2 hydras (Lair:5)
  A rakshasa (D:13)
  An ice dragon (D:13)
  A merfolk avatar (Shoals:1)
  2 ogre magi
  Erica (D:11)
  4 catoblepae (Lair:6)
  3 centaur warriors
  2 dancing weapons (Elf:1)
  27 two-headed ogres
  7 death yaks (Lair:6)
  2 tengu warriors
  6 orc high priests
  Urug (D:14)
  Nergalle (Lair:2)
  2 deep elf knights (Elf:1)
  A sun demon (Orc:2)
  An iron troll (D:13)
  A sixfirhy (Abyss:2)
  A wretched star (Abyss:2)
  A sea snake (shapeshifter) (D:13)
  5 unseen horrors
  3 skeletal warriors (D:15)
  2 wizards
  5 sea snakes (Shoals:1)
  3 deep elf archers
  A torturous demonspawn (Orc:2)
  An ironbrand convoker (D:13)
  6 orc knights (Orc:2)
  A wolf spider zombie (D:14)
  5 harpies (Shoals:1)
  16 ugly things
  2 wolf spiders (Lair:3)
  An oklob plant (D:8)
  8 orc sorcerers
  16 deep elf magi
  10 manticores
  2 fauns (Shoals:1)
  Maurice (D:10)
  4 cyclopes
  A toenail golem (Volcano)
  6 elephants (Lair:6)
  4 merfolk sirens
  A black mamba (shapeshifter) (D:13)
  5 black mambas
  Joseph (Lair:1)
  8 gargoyles (D:13)
  3 water nymphs (Shoals:1)
  A rime drake (Lair:4)
  9 spiny frogs
  A freezing wraith (D:14)
  2 kobold demonologists
  A yaktaur (D:15)
  6 komodo dragons
  4 centaur skeletons
  3 demonic crawlers (D:14)
  5 merfolk
  2 hellwings (Orc:2)
  7 trolls
  6 tengu conjurers
  A tyrant leech (shapeshifter) (D:10)
  A wind drake (Shoals:1)
  2 polar bears
  22 blink frogs
  4 hornets
  A queen bee (shapeshifter) (Orc:2)
  18 dream sheep
  3 snapping turtles (Shoals:1)
  15 hippogriffs
  6 water elementals
  5 vampires
  6 shadows
  2 wraiths
  58 yaks
  A spriggan (D:7)
  An air elemental (Elf:1)
  A fire elemental (Elf:1)
  2 wyverns (D:13)
  5 basilisks
  A human (shapeshifter) (D:13)
  A large abomination (Abyss:2)
  A steam dragon (D:9)
  7 hungry ghosts
  A human (D:3)
  2 chaos spawn (Orc:2)
  A neqoxec (Abyss:2)
  13 vampire mosquitoes
  4 wargs
  4 nagas (Lair:4)
  13 water moccasins
  8 porcupines
  4 ice beasts
  3 sky beasts
  46 orc warriors
  2 phantoms
  26 ogres
  A black bear (D:5)
  A necrophage (D:7)
  An ogre (shapeshifter) (D:15)
  18 centaurs
  19 crocodiles
  3 big kobolds
  18 bullfrogs
  A water moccasin skeleton (D:11)
  8 scorpions
  A wyvern skeleton (D:13)
  9 killer bees
  7 howler monkeys
  3 electric eels
  13 crimson imps
  3 bullfrog zombies
  A quasit (D:7)
  4 jellies
  3 bullfrog skeletons
  3 centaur zombies
  33 orc priests
  8 hounds
  22 orc wizards
  A human zombie (D:3)
  A gnoll shaman (D:8)
  Natasha (thrice) (D:2)
  8 iguanas
  10 worker ants
  A hound zombie (D:5)
  A hound skeleton (D:11)
  A worker ant zombie (D:6)
  26 adders
  9 gnolls
  A howler monkey skeleton (D:9)
  5 shadow imps
  An ooze (D:4)
  2 adder skeletons
  2 worms
  2 dart slugs
  7 leopard geckos
  114 orcs
  8 giant cockroaches
  6 goblins
  13 hobgoblins
  8 jackals
  24 kobolds
  5 quokkas
  A ball python (D:2)
  A ball python skeleton (D:4)
  9 bats
  7 frilled lizards
  A goblin skeleton (D:3)
  2 leopard gecko skeletons (D:6)
  A leopard gecko zombie (D:6)
  A quokka skeleton (D:5)
  7 rats
  A butterfly (Lair:4)
  A fungus (Lair:5)
  12 plants
1018 creatures vanquished.

Vanquished Creatures (collateral kills)
  2 ball lightnings (D:14)
2 creatures vanquished.

Vanquished Creatures (others)
  114 ball lightnings
  2 bushes (D:11)
  22 fungi
  57 plants
  5 starspawn tentacles (Abyss:2)
200 creatures vanquished.

Grand Total: 1220 creatures vanquished

Notes
Turn   | Place    | Note
-------+----------+-------------------------------------------
     0 | D:1      | DwarfAlpaca the Deep Elf Air Elementalist began the quest for the Orb.
     0 | D:1      | Reached XP level 1. HP: 10/10 MP: 6/6
    31 | D:1      | Reached XP level 2. HP: 10/15 MP: 0/8
   107 | D:1      | Learned a level 2 spell: Swiftness
   375 | D:1      | Found an iron altar of Okawaru.
  1199 | D:1      | Reached XP level 3. HP: 15/20 MP: 7/9
  1409 | D:2      | Noticed Natasha
  1456 | D:2      | HP: 1/20 [Natasha/wand of flame (?/48) (12)]
  1457 | D:2      | Killed Natasha
  1457 | D:2      | Reached skill level 1 in Fighting
  1457 | D:2      | Reached XP level 4. HP: 1/25 MP: 5/11
  1892 | D:2      | Reached skill level 4 in Air Magic
  2083 | D:2      | Noticed Natasha
  2095 | D:2      | Killed Natasha
  2157 | D:2      | Noticed Natasha
  2266 | D:2      | Killed Natasha
  2266 | D:2      | Reached XP level 5. HP: 19/29 MP: 6/13
  2793 | D:3      | Found a runed door.
  2793 | D:3      | Noticed a human
  2872 | D:3      | Found a basalt altar of Yredelemnul.
  2952 | D:3      | Learned a level 4 spell: Airstrike
  3435 | D:4      | Reached XP level 6. HP: 11/34 MP: 7/15
  3762 | D:4      | Found a staircase to the Ecumenical Temple.
  3768 | Temple   | Entered the Ecumenical Temple
  3771 | Temple   | Became a worshipper of Sif Muna the Loreminder
  3833 | D:4      | Found Ibadwes's Antique Armour Shop.
  3844 | D:4      | Got a pair of shimmering boots
  3850 | D:4      | Identified the cursed -6 pair of boots of Wuwy {rF+ MR+} (You found it on level 4 of the Dungeon)
  4016 | D:4      | Reached skill level 5 in Spellcasting
  4016 | D:4      | Reached skill level 5 in Air Magic
  4308 | D:4      | Reached skill level 1 in Invocations
  4324 | D:5      | Entered Level 5 of the Dungeon
  4413 | D:4      | Reached XP level 7. HP: 39/39 MP: 14/17
  4916 | D:5      | Found Ziddisso's Gadget Boutique.
  4985 | D:5      | HP: 2/40 [centaur/arrow (5)]
  5542 | D:6      | Reached skill level 6 in Air Magic
  5817 | D:6      | Reached * piety under Sif Muna
  5961 | D:5      | Reached XP level 8. HP: 44/45 MP: 15/19
  6155 | D:5      | Found Pothremm's Antique Weapon Shop.
  6162 | D:5      | Found Ughij's Distillery.
  6170 | D:5      | Bought a potion of heal wounds for 55 gold pieces
  6602 | D:6      | Reached skill level 7 in Air Magic
  7154 | D:7      | Reached skill level 5 in Conjurations
  7293 | D:7      | Reached ** piety under Sif Muna
  7418 | D:7      | Reached XP level 9. HP: 31/52 MP: 16/21
  7821 | D:7      | Learned a level 5 spell: Lightning Bolt
  8231 | D:7      | Reached skill level 8 in Air Magic
  8555 | D:8      | Found a burning altar of Makhleb.
  8555 | D:8      | Noticed an oklob plant
  8602 | D:8      | Noticed a two-headed ogre
  9191 | D:8      | Learned a level 3 spell: Stone Arrow
  9332 | D:8      | Reached skill level 5 in Invocations
  9626 | D:8      | Killed an oklob plant
  9626 | D:8      | Reached *** piety under Sif Muna
  9626 | D:8      | Reached skill level 9 in Air Magic
 10182 | D:9      | Reached XP level 10. HP: 58/58 MP: 11/24
 10199 | D:8      | Noticed a two-headed ogre
 10210 | D:8      | Killed a two-headed ogre
 10587 | D:9      | Identified a scroll of acquirement
 10611 | D:9      | Reached skill level 5 in Fighting
 11210 | D:8      | Reached **** piety under Sif Muna
 11210 | D:8      | Reached skill level 10 in Air Magic
 11396 | D:9      | Noticed a two-headed ogre
 11606 | D:9      | Killed a two-headed ogre
 11637 | D:10     | Entered Level 10 of the Dungeon
 11637 | D:10     | Found a sparkling altar of Nemelex Xobeh.
 11641 | D:10     | Noticed a two-headed ogre
 11646 | D:10     | Noticed a two-headed ogre
 11990 | D:10     | Noticed an eye of devastation
 12207 | D:3      | Upgraded the game from 0.20.0-3-g22ec75f to 0.20.0-4-g10b340a
 12432 | D:9      | Killed a two-headed ogre
 12686 | D:10     | Noticed a two-headed ogre
 12694 | D:10     | Killed a two-headed ogre
 12694 | D:10     | Reached XP level 11. HP: 64/64 MP: 0/26
 12725 | D:10     | Noticed a two-headed ogre
 12728 | D:10     | Killed a two-headed ogre
 13092 | D:9      | Killed a two-headed ogre
 13092 | D:9      | Reached skill level 11 in Air Magic
 13434 | D:9      | Reached skill level 10 in Spellcasting
 13888 | D:10     | Found a staircase to the Orcish Mines.
 14156 | D:10     | Noticed a two-headed ogre
 14165 | D:10     | Killed a two-headed ogre
 14461 | D:10     | Killed an unseen horror
 14461 | D:10     | Reached ***** piety under Sif Muna
 14461 | D:10     | Identified Sezi's Disquisition on Frigorific Toxins (Sif Muna gifted it to you on level 10 of the Dungeon)
 14461 | D:10     | Received a gift from Sif Muna
 14467 | D:10     | Noticed a deep elf archer
 15705 | D:11     | Killed a two-headed ogre
 16137 | D:11     | Reached skill level 12 in Air Magic
 16278 | D:11     | Reached XP level 12. HP: 71/71 MP: 11/28
 16443 | D:11     | Found a staircase to the Lair.
 16932 | D:11     | Noticed a two-headed ogre
 16936 | D:11     | Noticed Erica
 16976 | D:11     | Killed a two-headed ogre
 17721 | D:11     | Killed Erica
 17851 | Lair:1   | Entered Level 1 of the Lair of Beasts
 17966 | Lair:1   | Noticed Joseph
 18433 | Lair:1   | Killed Joseph
 19217 | Lair:2   | Noticed Nergalle
 19231 | Lair:2   | Killed Nergalle
 19894 | Lair:2   | Identified Sif Muna's Catalogue of Poisonous Fire (Sif Muna gifted it to you on level 2 of the Lair of Beasts)
 19894 | Lair:2   | Received a gift from Sif Muna
 19935 | Lair:2   | Learned a level 3 spell: Conjure Flame
 20043 | Lair:2   | Found an iron altar of Okawaru.
 20260 | Lair:3   | Reached skill level 13 in Air Magic
 20888 | Lair:3   | Reached XP level 13. HP: 62/78 MP: 14/30
 21176 | Lair:3   | Reached skill level 10 in Conjurations
 22838 | Lair:4   | Found a staircase to the Shoals.
 23899 | Lair:4   | Found a staircase to the Snake Pit.
 24877 | Lair:5   | Reached skill level 10 in Invocations
 25073 | Lair:5   | Reached skill level 1 in Evocations
 25337 | Lair:5   | Found a viscous altar of Jiyva.
 25337 | Lair:5   | Found a staircase to the Slime Pits.
 25820 | Lair:6   | Entered Level 6 of the Lair of Beasts
 25833 | Lair:6   | Identified Sif Muna's Disquisition on Dusty Translocation (Sif Muna gifted it to you on level 6 of the Lair of Beasts)
 25833 | Lair:6   | Received a gift from Sif Muna
 26210 | Lair:6   | Found a dark tunnel.
 26216 | Lair:6   | Reached skill level 14 in Air Magic
 26256 | Volcano  | Entered a volcano
 27474 | Lair:6   | Learned a level 2 spell: Blink
 27528 | Lair:6   | Reached XP level 14. HP: 84/84 MP: 24/33
 29517 | Lair:6   | Received a gift from Sif Muna
 29518 | Lair:6   | Identified Sif Muna's Volume of Creative Flames (Sif Muna gifted it to you on level 6 of the Lair of Beasts)
 29787 | Lair:6   | Got a crystal executioner's axe
 29789 | Lair:6   | Identified the +8 executioner's axe of the Boiling Point {drain, Str+4 Stlth+} (You found it on level 6 of the Lair of Beasts)
 30008 | Orc:1    | Entered Level 1 of the Orcish Mines
 30011 | Orc:1    | Noticed Maurice
 30423 | D:10     | Learned a level 1 spell: Summon Butterflies
 31400 | D:12     | Reached skill level 5 in Evocations
 33482 | D:10     | Killed Maurice
 33688 | D:4      | Bought a runed scarf for 240 gold pieces
 33763 | D:5      | Bought a potion of mutation for 88 gold pieces
 33763 | D:5      | Bought a potion of heal wounds for 55 gold pieces
 34190 | Orc:2    | Entered Level 2 of the Orcish Mines
 34394 | Orc:2    | Reached skill level 15 in Air Magic
 35486 | Orc:1    | Noticed an orc warlord
 35627 | Orc:2    | Received a gift from Sif Muna
 35773 | Orc:2    | Learned a level 5 spell: Fireball
 35892 | Orc:2    | Found Immituw's General Store.
 36242 | Orc:2    | Found Nedexzir's Magic Scroll Emporium.
 36591 | Orc:1    | Killed an orc warlord
 36756 | Orc:1    | Reached XP level 15. HP: 89/90 MP: 22/34
 37427 | Orc:2    | Found a staircase to the Elven Halls.
 38403 | Orc:2    | Found Niholywn's Magic Scroll Emporium.
 38607 | Orc:2    | Bought a scroll of teleportation for 45 gold pieces
 39980 | Orc:2    | Paralysed by an orc sorcerer for 7 turns
 40456 | Orc:2    | Found Pudemecs's Gadget Boutique.
 40456 | Orc:2    | Found Hoassah's Antique Weapon Shop.
 40457 | Orc:2    | Found a one-way gate leading to the halls of Pandemonium.
 40775 | Snake:1  | Entered Level 1 of the Snake Pit
 40875 | Shoals:1 | Entered Level 1 of the Shoals
 41842 | Shoals:1 | Identified Sif Muna's Almanac of Creative Arcane Weapons (Sif Muna gifted it to you on level 1 of the Shoals)
 41842 | Shoals:1 | Received a gift from Sif Muna
 42182 | Shoals:1 | Learned a level 6 spell: Conjure Ball Lightning
 42531 | Shoals:1 | Noticed Louise
 42541 | Shoals:1 | Killed Louise
 44526 | D:13     | Learned a level 8 spell: Chain Lightning
 44899 | D:13     | Reached skill level 10 in Fighting
 45725 | D:13     | Noticed Nessos
 45726 | D:13     | Killed Nessos
 46010 | D:13     | Reached skill level 15 in Spellcasting
 46164 | D:13     | Found a gate to the Vaults.
 46199 | D:13     | Reached XP level 16. HP: 97/97 MP: 31/37
 46870 | D:13     | Reached skill level 16 in Air Magic
 47178 | D:14     | Noticed Urug
 47227 | D:14     | Killed Urug
 47828 | D:13     | Identified Sif Muna's Handbook of Conjuration (Sif Muna gifted it to you on level 13 of the Dungeon)
 47828 | D:13     | Received a gift from Sif Muna
 47950 | D:14     | Noticed Frances
 48340 | D:15     | Entered Level 15 of the Dungeon
 50471 | D:15     | Found a staircase to the Depths.
 51070 | D:14     | Killed Frances
 52494 | D:14     | Learned a level 7 spell: Orb of Destruction
 52793 | Elf:1    | Entered Level 1 of the Elven Halls
 52863 | Elf:1    | Received a gift from Sif Muna
 52864 | Elf:1    | Identified Sif Muna's Compendium of Floating Curses (Sif Muna gifted it to you on level 1 of the Elven Halls)
 53430 | Elf:1    | Reached XP level 17. HP: 103/103 MP: 30/39
 53942 | Elf:1    | Cast into level 2 of the Abyss (a deep elf demonologist)
 54109 | Abyss:2  | Reached skill level 17 in Air Magic
 54124 | Abyss:2  | Gained mutation: [You are frail. (-10% HP)] [a cacodemon]
 54131 | Abyss:2  | Noticed a lich
 54133 | Abyss:2  | Noticed a Hell Sentinel
 54162 | Abyss:2  | HP: 2/72 [Hell Sentinel/damnation[a lich] (26)]
 54169 | Abyss:2  | Lost mutation: [You are extremely frail. (-30% HP)] [potion of mutation]
 54169 | Abyss:2  | Gained mutation: You evolve. [potion of mutation]
 54255 | Abyss:2  | Noticed a tentacled monstrosity
 54305 | Abyss:2  | Killed a tentacled monstrosity
 54339 | Abyss:2  | Killed from afar by a wizard

Skill      XL: |  1  2  3  4  5  6  7  8  9 10 11 12 13 14 15 16 17 |
---------------+----------------------------------------------------+-----
Fighting       | 1 2 3 4 5 6 7 8 9 10 | 10.8
Air Magic      | 4 5 6 7 9 10 12 13 14 15 16 17 | 17.0
Spellcasting   | 4 5 6 7 8 9 10 11 13 15 16 | 16.1
Conjurations   | 2 3 4 5 6 7 8 9 10 11 12 13 | 13.4
Invocations    | 1 2 4 5 7 8 9 10 11 12 13 | 13.4
Evocations     | 3 5 7 9 |  9.7
Dodging        | |  2.6
Stealth        | |  2.5

Action                   |  1- 3 |  4- 6 |  7- 9 | 10-12 | 13-15 | 16-18 || total
-------------------------+-------+-------+-------+-------+-------+-------++-------
Melee: Unarmed           |    12 |       |       |       |       |       ||    12
       Dagger            |    34 |    56 |   155 |    81 |    42 |       ||   368
       Staff             |       |       |       |     6 |    16 |     7 ||    29
       Executioner's axe |       |       |       |       |    47 |    47 ||    94
 Cast: Shock             |    39 |   118 |   115 |       |    20 |     2 ||   294
       Airstrike         |       |       |    42 |   254 |   618 |   196 ||  1110
       Lightning Bolt    |       |       |     8 |    69 |   210 |    54 ||   341
       Swiftness         |       |       |       |     3 |       |       ||     3
       Fireball          |       |       |       |       |     3 |    14 ||    17
       Conjure Ball Ligh |       |       |       |       |    24 |    18 ||    42
       Blink             |       |       |       |       |     4 |       ||     4
       Chain Lightning   |       |       |       |       |       |     4 ||     4
       Orb of Destructio |       |       |       |       |       |    15 ||    15
       Summon Butterflie |       |       |       |       |       |     1 ||     1
Invok: Divine Energy     |       |       |     1 |       |       |       ||     1
       Channel Magic     |       |       |       |       |     4 |     6 ||    10
Evoke: Wand              |       |       |       |       |     2 |     3 ||     5
  Use: Scroll            |       |     6 |       |    16 |    18 |     8 ||    48
       Potion            |       |       |     3 |     1 |    14 |     5 ||    23
 Stab: Sleeping          |     2 |     2 |    10 |       |       |     1 ||    15
       Distracted        |       |       |       |       |     1 |       ||     1
  Eat: Chunk             |     2 |     9 |    17 |    40 |    80 |    18 ||   166
       Meat ration       |       |       |     1 |       |       |     1 ||     2
       Royal jelly       |       |       |       |     1 |     1 |     3 ||     5
       Bread ration      |       |       |       |     1 |       |       ||     1
       Fruit             |       |       |       |       |     7 |     3 ||    10
Armor: Robe              |    18 |    33 |    51 |       |       |       ||   102
       Steam dragon scal |       |       |       |    66 |   145 |   133 ||   344
Dodge: Dodged            |    42 |    82 |   159 |   146 |   300 |   168 ||   897
